Unix NetHack Version 3.7.0-88 Work-in-progress - last build Aug 6 2023 13:40:22 (5c9c4c7fffe0d5f0a8b1342c2a36a56ed743986a,branch:master). Game began 2023-08-07 19:36:18, ended 2023-08-08 21:03:12. Arasaka, neutral female gnomish Archeologist ------------------------ |%*....................| |..-------------------.| ----.| ----- |.| |..|)-- --...| |.| |.....|--|....| |.| |....%|..|....| |.| --....|......-- |.| |.......|...| ------|.| |....|..|...| --|.....|.| |....---|...| |.+.....|%| |.......|..-- |-|.....|@| ----....|.-- |.+....sC%| ---.--.| |-|..+Nr|-- |.....| |.+...F.| |>.|..| --|.F...| ------- ------- Arasaka the Exhumer St:18 Dx:13 Co:18 In:15 Wi:14 Ch:12 Neutral Dlvl:6 $:0 HP:0(96) Pw:59(59) AC:-2 Xp:10/8089 T:15980 Latest messages: What do you want to zap? [nt or ?*] In what direction? You kill the brown pudding! The magic missile bounces! You see here a small glob of brown pudding. You hit the mountain centaur! The mountain centaur tries to wield a worm tooth. The mountain centaur's crossbow is welded to her hand! The mountain centaur hurls a potion called acid! The jar crashes on your head and breaks into shards. The potion called acid evaporates. This burns a little! You hit the mountain centaur! The mountain centaur swings her crossbow. The mountain centaur hits! The mountain centaur kicks! The mountain centaur kicks again! You miss the mountain centaur. The mountain centaur swings her crossbow. The mountain centaur hits! The mountain centaur misses! The mountain centaur kicks! The mountain centaur swings her crossbow. The mountain centaur hits! The mountain centaur kicks! The mountain centaur misses! You miss the mountain centaur. The mountain centaur swings her crossbow. The mountain centaur misses! The mountain centaur kicks! The mountain centaur kicks again! You miss the mountain centaur. The mountain centaur swings her crossbow. The mountain centaur hits! The mountain centaur kicks! The mountain centaur kicks again! Are you sure you want to pray? [yn] (n) You begin praying to Camaxtli. The mountain centaur swings her crossbow. The mountain centaur hits! The mountain centaur kicks! The mountain centaur kicks again! The mountain centaur swings her crossbow. The mountain centaur hits! The mountain centaur kicks! The mountain centaur kicks again! The mountain centaur swings her crossbow. The mountain centaur hits! The mountain centaur kicks! You die... Inventory: Weapons (')') i - an uncursed +0 dwarvish mattock a - the blessed rustproof +0 Vorpal Blade (weapon in hand) Armor ('[') m - an uncursed +0 dwarvish iron helm (being worn) q - a cursed +0 pair of leather gloves (being worn) w - a cursed thoroughly burnt +0 pair of high boots (being worn) K - a cursed +0 cloak of protection (being worn) j - an uncursed +0 dwarvish mithril-coat (being worn) Comestibles ('%') k - an uncursed cram ration h - an uncursed cream pie o - 2 uncursed food rations p - an uncursed K-ration d - an uncursed tripe ration Rings ('=') l - an uncursed ring of sustain ability Wands ('/') t - an uncursed wand of magic missile (0:0) n - a blessed wand of opening (0:2) Tools ('(') z - an uncursed bag of holding containing 40 items r - an uncursed blindfold e - a cursed lock pick f - an uncursed tinning kit (0:28) s - an uncursed +0 unicorn horn Gems/Stones ('*') g - an uncursed touchstone Contents of the bag of holding: 1295 gold pieces a blessed +0 orcish dagger the uncursed rustproof +0 Giantslayer an uncursed +0 mummy wrapping a cursed +0 mummy wrapping an uncursed C-ration an uncursed C-ration 3 uncursed food rations an uncursed food ration an uncursed K-ration an uncursed tripe ration an uncursed tripe ration an uncursed tin of troll meat an uncursed lizard corpse named tricebane an uncursed scroll of enchant weapon an uncursed scroll of magic mapping an uncursed spellbook of protection an uncursed potion of sickness a cursed -2 ring of increase damage an uncursed ring of levitation an uncursed ring of searching an uncursed ring of see invisible an uncursed ring of teleport control a cursed ring of teleportation an uncursed wand of cold (0:2) an uncursed wand of create monster (0:12) a blessed wand of digging (0:5) an uncursed wand of digging (0:5) an uncursed wand of enlightenment (0:11) an uncursed wand of fire (0:2) an uncursed wand of light (0:10) an uncursed wand of lightning (0:0) an uncursed wand of secret door detection (0:13) an uncursed wand of slow monster (0:5) an empty uncursed sack an uncursed agate stone an uncursed black opal a cursed worthless piece of green glass an uncursed worthless piece of red glass an uncursed worthless piece of white glass Arasaka the Archeologist's attributes: Background: You were an Exhumer, a level 10 female gnomish Archeologist. You were neutral, on a mission for Camaxtli who was opposed by Quetzalcoatl (lawful) and Huhetotl (chaotic). You were in Sokoban, on level 6. You entered the dungeon 15980 turns ago. You had 8089 experience points, 1911 more were needed to attain level 11. Basics: You had 0 out of 96 hit points. You had all 59 energy points (spell power). Your armor class was -2. Your wallet was empty, but you had 1295 zorkmids stashed away in your pack. Autopickup was on for '$"?' plus thrown, with exceptions. Final Characteristics: Your strength was 18 (limit:18/50). Your dexterity was 13 (limit:18). Your constitution was 18 (limit:18). Your intelligence was 15 (limit:19). Your wisdom was 14 (limit:18). Your charisma was 12 (limit:18). Final Status: You were not hungry. You were unencumbered. You were wielding a long sword. You had basic skill with long sword. Final Attributes: You were piously aligned. You were poison resistant. You were telepathic. You had automatic searching. You had infravision. You were stealthy. You were protected. You were fast. You were unlucky. You are dead. Miscellaneous: You disabled loading of bones levels. Total elapsed playing time was 2 hours, 2 minutes and 41 seconds. Major events: Turn 1: Arasaka the neutral female gnomish Archeologist entered the dungeon 582: entered the Gnomish Mines 1492: attained the rank of Field Worker (level 3) 3833: attained the rank of Investigator (level 6) 5476: reached Mine Town 7729: was bestowed with Giantslayer by Camaxtli 10036: entered Sokoban 10328: completed 1st Sokoban level 11253: completed 2nd Sokoban level 14102: attained the rank of Exhumer (level 10) 14799: completed 3rd Sokoban level 14941: was bestowed with Vorpal Blade by Camaxtli 15893: completed 4th Sokoban level 15980: killed by a mountain centaur, while praying Vanquished creatures: a ghost a giant mimic a long worm a flesh golem an elven monarch a giant zombie a sergeant 2 xans an ettin mummy a quantum mechanic a troll a pyrolisk a flaming sphere a tiger a gargoyle 2 tengu an ochre jelly a mountain centaur 3 stone giants an elf mummy 2 pythons 2 pit vipers a wraith a carnivorous ape an ettin zombie a leather golem a Grey-elf 2 soldiers 2 chameleons a giant beetle a quivering blob 2 cockatrices a gremlin a giant spider a scorpion a black light a vampire bat a forest centaur an orc mummy a brown pudding 2 rust monsters 3 owlbears a yeti a werewolf 2 Green-elves 4 lizards 5 chickatrices a dog 2 jaguars 2 white unicorns a dust vortex 2 plains centaurs a gnome mummy a snake a human zombie a rope golem 3 Woodland-elves a soldier ant 4 fire ants 4 bugbears 2 quasits 2 water nymphs a Mordor orc 2 orc shamans a rock piercer 2 rock moles 4 ponies 4 fog clouds 3 yellow lights a shrieker 3 violet fungi a gnome leader a kobold mummy a red naga hatchling a black naga hatchling a guardian naga hatchling 3 gray oozes a barrow wight 2 elf zombies 3 straw golems 7 giant ants a little dog 6 floating eyes 4 dwarves a homunculus 2 kobold shamans 25 hill orcs 4 rothes 2 rabid rats a centipede 5 giant bats an orc zombie 2 dwarf zombies a wererat 9 iguanas 24 killer bees 3 coyotes 2 gas spores 3 hobbits 4 manes 4 large kobolds 6 hobgoblins 3 giant rats 3 cave spiders 4 yellow molds 2 green molds a gnome 2 gnome zombies 11 geckos 5 jackals 5 goblins 4 sewer rats 7 grid bugs 2 bats 9 lichens 2 kobold zombies 6 newts 313 creatures vanquished. No species were genocided or became extinct. Voluntary challenges: You read items or engraved 55 times. You engraved Elbereth 34 times. You never genocided any monsters. You never polymorphed an object. You never changed form. You used no wishes. You violated the special Sokoban rules 4 times. Achievements: You entered a shop. You entered the Gnomish Mines. You attained the rank of Field Worker. You attained the rank of Investigator. You entered Minetown. You entered a temple. You entered Sokoban. You attained the rank of Exhumer. The Dungeons of Doom: levels 1 to 13 Level 1: Level 2: A potion shop. Level 3: A general store, some fountains. Stairs down to The Gnomish Mines. Level 4: A general store, a fountain. Level 5: Level 6: Level 7: "s" A grave. Level 8: A general store, an altar to Camaxtli, some fountains. Level 9: Many fountains. Level 10: A temple to Camaxtli. Stairs up to Sokoban, level 9. Level 11: A grave. Level 12: Level 13: A sink. The Gnomish Mines: levels 4 to 7 Level 4: Level 5: Level 6: Level 7: Sokoban: levels 9 up to 6 Level 6: <- You were here. Solved. Final resting place for you, killed by a mountain centaur, while praying. Level 7: Solved. Level 8: Solved. Level 9: "u betta have fire res b4 goin up" Solved. Game over: ---------- / \ / REST \ / IN \ / PEACE \ / \ | Arasaka | | 1295 Au | | killed by a | | mountain centaur | | | | | | 2023 | *| * * * | * _________)/\\_//(\/(/\)/\//\/|_)_______ Goodbye Arasaka the Archeologist... You died in Sokoban on dungeon level 6 with 32672 points, and 1295 pieces of gold, after 15980 moves. You were level 10 with a maximum of 96 hit points when you died.